 Dungeon Crawl Stone Soup version 0.25-a0-697-g890751e (webtiles) character file.

Game seed: 990762744529839515, levelgen mode: deterministic

604 Faels the Slicer (level 7, 0/40 HPs)
             Began as a Kobold Assassin on Apr 1, 2020.
             Slain by a white imp (5 damage)
             ... summoned by Natasha
             ... on level 4 of the Dungeon.
             The game lasted 00:12:57 (5385 turns).

Faels the Slicer (Kobold Assassin)                  Turns: 5385, Time: 00:12:58

Health: 0/40       AC:  8    Str: 11    XL:     7   Next: 70%
Magic:  7/7        EV: 14    Int: 12    God:
Gold:   120        SH:  0    Dex: 16    Spells: 6/6 levels left

rFire    + . .     SeeInvis .   a - +2 dagger
rCold    . . .     Gourm    .   (shield restricted)
rNeg     + . .     Faith    .   g - +3 leather armour
rPois    .         Spirit   .   n - +0 hat
rElec    .         Reflect  .   c - +0 cloak
rCorr    .         Harm     .   v - +0 pair of gloves
MR       .....                  (no boots)
Stlth    +++.......             (no amulet)
HPRegen  0.13/turn              p - ring of positive energy
MPRegen  0.10/turn              j - ring of protection from fire

@: no status effects
A: small, carnivore
a: no special abilities


You were on level 4 of the Dungeon.
You were very full.

You visited 1 branch of the dungeon, and saw 4 of its levels.

You collected 120 gold pieces.

Inventory:

Hand Weapons
 a - a +2 dagger (weapon)
 A - a +0 rapier
Missiles
 d - 2 poisoned darts (quivered)
 x - a throwing net
 D - 5 boomerangs
Armour
 b - a +0 robe
 c - a +0 cloak (worn)
 g - a +3 leather armour (worn)
 n - a +0 hat (worn)
 o - a +0 ring mail
 v - a +0 pair of gloves (worn)
Jewellery
 j - a ring of protection from fire (right hand)
 p - a ring of positive energy (left hand)
 B - an uncursed ring of resist corrosion
Scrolls
 h - 5 scrolls of remove curse
 i - a scroll of fog {unknown}
 l - 4 scrolls of identify
 r - a scroll of magic mapping {unknown}
 t - a scroll of enchant weapon {unknown}
 y - a scroll of teleportation {unknown}
Potions
 k - 2 potions of stabbing
 m - a potion of might
 q - a potion of invisibility {unknown}
 s - a potion of curing
 u - a potion of mutation {unknown}
 w - a potion of heal wounds {unknown}
 z - a potion of lignification {unknown}
Comestibles
 f - 5 rations


   Skills:
 + Level 2.3 Fighting
 - Level 10.1 Short Blades
 + Level 2.3 Throwing
 + Level 0.2 Armour
 + Level 1.6 Dodging
 + Level 5.5 Stealth


You had 6 spell levels left.
You didn't know any spells.
Your spell library contained the following spells:

 Spells                   Type           Power        Failure   Level  Hunger
 Corona                   Hex            #......      41%         1    ##.....
 Ensorcelled Hibernation  Hex/Ice        #.....       54%         2    ###....
 Confusing Touch          Hex            #.......     78%         3    ####...
 Dazzling Flash           Conj/Hex       #.....       78%         3    ####...
 Tukima's Dance           Hex            #.......     78%         3    ####...


Dungeon Overview and Level Annotations

Branches:
Dungeon (4/15)
 Temple: D:4-7

Altars:
Okawaru
Sif Muna

Annotations:
D:4 Natasha


Innate Abilities, Weirdness & Mutations

You are small and have problems with some larger weapons.
You are carnivorous and can eat meat at any time.


Message History

Quiver which item? (- for none, * to show all) (? for menu, Esc to quit)
Quivering
e - a curare-tipped dart for throwing.
Throwing (i - inventory. (/) - cycle)
e - a curare-tipped dart (quivered)
Press: ? - help, Shift-Dir - straight line, f/p - Natasha
Aim: Natasha (lightly wounded)
You throw a curare-tipped dart. The curare-tipped dart hits Natasha.
Natasha is poisoned.
Natasha convulses.
Natasha seems to slow down.
Natasha is severely wounded.
The white imp hits you but does no damage.
The shadow imp barely misses you.
You closely miss Natasha.
Natasha is severely wounded.
The white imp hits you but does no damage.
Natasha claws you but does no damage.
You hit Natasha.
Natasha is almost dead.
The shadow imp closely misses you. The white imp hits you.
* * * LOW HITPOINT WARNING * * *
The white imp freezes you.
You die...

###..####...###.....
###.....#...###
#..... #####
#..........## #.>...
..... #...........#
...... .....
##...........# .....
..... #............#
.....
##............#
.....
##.5..........#
..... ##@5..........
.....
##5h...........
..... ##..###.....
p.... ###..## ###..
....# #..### #.
....# #..## .....
#..... #......


You could see Natasha, 2 white imps and a shadow imp.

Vanquished Creatures
  A slave (D:3)
  A bullfrog (D:3)
  A bullfrog skeleton (D:3)
  2 hounds (D:4)
  A centaur skeleton (D:4)
  3 orc priests
  An orc wizard (D:4)
  A gnoll shaman (D:2)
  Natasha (twice) (D:4)
  A worker ant (D:4)
  5 gnolls
  3 adders
  4 worms
  4 dart slugs
  A leopard gecko (D:3)
  21 orcs
  A ball python (D:2)
  5 bats
  4 giant cockroaches
  5 goblins
  6 hobgoblins
  9 jackals
  5 quokkas
  12 frilled lizards
  7 kobolds
  2 rats (D:2)
108 creatures vanquished.

Notes
Turn   | Place    | Note
-------+----------+-------------------------------------------
     0 | D:1      | Faels the Kobold Assassin began the quest for the Orb.
     0 | D:1      | Reached XP level 1. HP: 12/12 MP: 1/1
    62 | D:1      | Reached skill level 3 in Short Blades
   120 | D:1      | Reached XP level 2. HP: 17/17 MP: 2/2
   396 | D:1      | Reached skill level 4 in Short Blades
   405 | D:1      | Reached XP level 3. HP: 13/21 MP: 3/3
  1261 | D:2      | Reached skill level 5 in Short Blades
  1326 | D:2      | Reached XP level 4. HP: 9/26 MP: 4/4
  1841 | D:2      | Found an iron altar of Okawaru,
  1963 | D:2      | Reached skill level 6 in Short Blades
  1963 | D:2      | Reached XP level 5. HP: 17/30 MP: 5/5
  2186 | D:2      | Found a shimmering blue altar of Sif Muna,
  2849 | D:3      | Reached skill level 7 in Short Blades
  3172 | D:3      | Reached XP level 6. HP: 35/35 MP: 6/6
  3373 | D:3      | Reached skill level 8 in Short Blades
  4224 | D:4      | Reached skill level 9 in Short Blades
  4257 | D:3      | Reached XP level 7. HP: 39/40 MP: 7/7
  4363 | D:4      | Noticed Natasha
  4372 | D:4      | Killed Natasha
  4623 | D:4      | Noticed Natasha
  4651 | D:4      | Reached skill level 10 in Short Blades
  4654 | D:4      | Killed Natasha
  5353 | D:4      | Noticed Natasha
  5385 | D:4      | Slain by a white imp

Levels and vault maps discovered:
D:1:      scummos_arrival_star, layout_basic, minmay_tetromino_l2
D:2:      minmay_wonky_spiral, layout_loops_ring, led_sif_pool,
          lemuel_statue_altar
D:3:      layout_loops_cross
D:4:      layout_cave_pods, first_ration, uniq_pikel, uniq_natasha

Skill      XL: |  1  2  3  4  5  6  7 |
---------------+----------------------+-----
Short Blades   | 3 4 5 6 7 9 10 | 10.1
Fighting       | |  2.3
Throwing       | |  2.3
Armour         | |  0.2
Dodging        | |  1.6
Stealth        | |  5.5

Action                   |  1- 3 |  4- 6 |  7- 9 || total
-------------------------+-------+-------+-------++-------
Melee: Dagger            |   126 |   327 |   148 ||   601
Throw: Dart              |     2 |    19 |     8 ||    29
  Use: Scroll            |     1 |     2 |       ||     3
       Potion            |     1 |       |     1 ||     2
 Stab: Sleeping          |     7 |     3 |     2 ||    12
  Eat: Chunk             |    10 |     9 |     3 ||    22
Armor: Leather armour    |    37 |    52 |    30 ||   119
Dodge: Dodged            |    66 |   160 |    52 ||   278

Table legend:
 A = Non-vault XP
 B = Vault XP
 C = Vault XP percentage of total XP
 D = Non-vault monster count
 E = Vault monster count
 F = Vault count percentage of total count
                 A         B        C        D         E       F
            +---------+---------+-------+---------+---------+-------
      Total |     821 |      43 |   5.0 |     101 |       6 |   5.6
            +---------+---------+-------+---------+---------+-------
        D:1 |      36 |       3 |   7.7 |      18 |       2 |  10.0
        D:2 |     159 |       5 |   3.0 |      35 |       3 |   7.9
        D:3 |     312 |       0 |   0.0 |      30 |       0 |   0.0
        D:4 |     314 |      35 |  10.0 |      18 |       1 |   5.3
            +---------+---------+-------+---------+---------+-------
